NYP
ROME BRAVES @ STATE COLLEGE SPIKES
06/27/2048
 
TOP OF THE 1ST
Rome Braves batting - Pitching for State College Spikes : RHP Marcos Vergara
Pitching: RHP Marcos Vergara
Batting: RHB Rafael Reyes 0-0: Called Strike
0-1: Ball
1-1: Foul Ball, location: 2F
1-2: Ground out U3 (Groundball, 3L, EV 103.8 MPH)
Batting: RHB Chris Trites 0-0: Ball
1-0: Ball
2-0: Foul Ball, location: 2F
2-1: Foul Ball, location: 2F
2-2: Fly out, F9 (Flyball, 89D, EV 101.9 MPH)
Batting: LHB Ricardo Sandoval 0-0: Foul Ball, location: 2F
0-1: Foul Ball, location: 2F
0-2: Ball
1-2: Foul Ball, location: 2F
1-2: Ball
2-2: Strikes out swinging
Top of the 1st over - 0 runs, 0 hits, 0 errors, 0 left on base; Rome 0 - State College 0
BOTTOM OF THE 1ST
State College Spikes batting - Pitching for Rome Braves : LHP Gonnohyoe Hata
Pitching: LHP Gonnohyoe Hata
Batting: RHB Bobby Miles 0-0: Ball
1-0: Called Strike
1-1: Ball
2-1: Ball
3-1: Foul Ball, location: 2F
3-2: Foul Ball, location: 2F
3-2: Foul Ball, location: 2F
3-2: Base on Balls
Batting: RHB Nick Latulippe 0-0: Called Strike
0-1: Swinging Strike
0-2: Ground out 5-3 (Groundball, 5S, EV 65.0 MPH)
Bobby Miles to second
Batting: RHB Ricky Yerzy 0-0: Called Strike
0-1: Ball
1-1: Ball
Wild Pitch!
Bobby Miles to third
2-1: Ball
3-1: Base on Balls
Batting: RHB Sam Daw 0-0: Ball
Passed Ball!
Bobby Miles scores
Ricky Yerzy to second
1-0: Called Strike
1-1: Ground out 5-3 (Groundball, 56S, EV 80.0 MPH)
Batting: LHB Ken Morehead 0-0: Ball
Wild Pitch!
Ricky Yerzy to third
1-0: Ball
2-0: Foul Ball, location: 2F
2-1: Swinging Strike
2-2: Strikes out swinging
Bottom of the 1st over - 1 run, 0 hits, 0 errors, 1 left on base; Rome 0 - State College 1
TOP OF THE 2ND
Rome Braves batting - Pitching for State College Spikes : RHP Marcos Vergara
Batting: LHB Tamaichi Sasada 0-0: Swinging Strike
0-1: Fly out, F9 (Flyball, 89S, EV 92.5 MPH)
Batting: SHB Karl Starnes 0-0: Called Strike
0-1: Ball
1-1: Swinging Strike
1-2: Ball
2-2: Strikes out swinging
Batting: RHB Costantino Dolfini 0-0: Called Strike
0-1: Ball
1-1: Ball
2-1: Foul Ball, location: 2F
2-2: Strikes out swinging
Top of the 2nd over - 0 runs, 0 hits, 0 errors, 0 left on base; Rome 0 - State College 1
BOTTOM OF THE 2ND
State College Spikes batting - Pitching for Rome Braves : LHP Gonnohyoe Hata
Batting: RHB Pat Scaturro 0-0: Ball
1-0: Foul Ball, location: 2F
1-1: Ball
2-1: Foul Ball, location: 2F
2-2: Ball
3-2: Fly out, F7 (Line Drive, 7, EV 91.9 MPH)
Batting: RHB Nelson Salamanca 0-0: Called Strike
0-1: Ground out 5-3 (Groundball, 56, EV 88.1 MPH)
Batting: RHB Ben Politi 0-0: Called Strike
0-1: Hit by Pitch
Batting: RHB Tim Cleary 0-0: Ball
Ben Politi steals 2nd base
1-0: Called Strike
1-1: Foul Ball, location: 2F
1-2: Foul Ball, location: 2F
1-2: Ground out 6-3 (Groundball, 6S, EV 64.4 MPH)
Bottom of the 2nd over - 0 runs, 0 hits, 0 errors, 1 left on base; Rome 0 - State College 1
TOP OF THE 3RD
Rome Braves batting - Pitching for State College Spikes : RHP Marcos Vergara
Batting: RHB Dave Pizarro 0-0: Ball
1-0: Ground out 5-3 (Groundball, 56, EV 88.1 MPH)
Batting: LHB Jason Herr 0-0: Called Strike
0-1: Ball
1-1: Foul Ball, location: 2F
1-2: Strikes out swinging
Batting: RHB Yutaka Yamane 0-0: Swinging Strike
0-1: Swinging Strike
0-2: Strikes out swinging
Top of the 3rd over - 0 runs, 0 hits, 0 errors, 0 left on base; Rome 0 - State College 1
BOTTOM OF THE 3RD
State College Spikes batting - Pitching for Rome Braves : LHP Gonnohyoe Hata
Batting: RHB Bobby Miles 0-0: Ball
1-0: Ball
2-0: Swinging Strike
2-1: Swinging Strike
2-2: Foul Ball, location: 2F
2-2: Strikes out looking
Batting: RHB Nick Latulippe 0-0: Ball
1-0: Foul Ball, location: 2F
1-1: Foul Ball, location: 2F
1-2: Ball
2-2: Strikes out swinging
Batting: RHB Ricky Yerzy 0-0: Ball
1-0: Ball
2-0: Called Strike
2-1: Ball
3-1: DOUBLE (Line Drive, 9LS, EV 106.2 MPH)
Batting: RHB Sam Daw 0-0: Ball
1-0: Ball
2-0: Ball
3-0: Base on Balls
Batting: LHB Ken Morehead 0-0: Called Strike
0-1: Ball
Wild Pitch!
Ricky Yerzy to third
Sam Daw to second
1-1: Foul Ball, location: 2F
1-2: Strikes out swinging
Bottom of the 3rd over - 0 runs, 1 hit, 0 errors, 2 left on base; Rome 0 - State College 1
TOP OF THE 4TH
Rome Braves batting - Pitching for State College Spikes : RHP Marcos Vergara
Batting: RHB Rafael Reyes 0-0: Ball
1-0: Ball
2-0: Ball
3-0: Base on Balls
Batting: RHB Chris Trites 0-0: Ball
Rafael Reyes steals 2nd base
1-0: Ball
2-0: Called Strike
2-1: Foul Ball, location: 2F
2-2: Ball
3-2: Base on Balls
Batting: LHB Ricardo Sandoval 0-0: Called Strike
0-1: Foul Ball, location: 2F
0-2: Foul Ball, location: 2F
0-2: 3-RUN HOME RUN (Flyball, 9D, EV 101.2 MPH), Distance : 377 ft
Batting: LHB Tamaichi Sasada 0-0: Ball
1-0: Foul Ball, location: 2F
1-1: Called Strike
1-2: Strikes out swinging
Batting: SHB Karl Starnes 0-0: Ball
1-0: DOUBLE (Flyball, 8LXD, EV 103.1 MPH)
Batting: RHB Costantino Dolfini 0-0: Ball
1-0: Foul Ball, location: 2F
1-1: Foul Ball, location: 2F
1-2: Ball
2-2: Strikes out swinging
Batting: RHB Dave Pizarro 0-0: Foul Ball, location: 2F
0-1: Swinging Strike
0-2: Strikes out swinging
Top of the 4th over - 3 runs, 2 hits, 0 errors, 1 left on base; Rome 3 - State College 1
BOTTOM OF THE 4TH
State College Spikes batting - Pitching for Rome Braves : LHP Gonnohyoe Hata
Batting: RHB Pat Scaturro 0-0: Called Strike
0-1: Ball
1-1: Ball
2-1: Swinging Strike
2-2: Ground out 6-3 (Groundball, 6, EV 88.1 MPH)
Batting: RHB Nelson Salamanca 0-0: Ball
1-0: Fly out, F8 (Flyball, 8RM, EV 93.8 MPH)
Batting: RHB Ben Politi 0-0: Ball
1-0: Called Strike
1-1: Swinging Strike
1-2: Strikes out swinging
Bottom of the 4th over - 0 runs, 0 hits, 0 errors, 0 left on base; Rome 3 - State College 1
TOP OF THE 5TH
Rome Braves batting - Pitching for State College Spikes : RHP Marcos Vergara
Batting: LHB Jason Herr 0-0: Ball
1-0: Called Strike
1-1: Foul Ball, location: 2F
1-2: Fly out, F8 (Flyball, 8RD, EV 80.6 MPH)
Batting: RHB Yutaka Yamane 0-0: Foul Ball, location: 2F
0-1: Swinging Strike
0-2: Strikes out swinging
Batting: RHB Rafael Reyes 0-0: Ball
1-0: Ball
2-0: Ball
3-0: Called Strike
3-1: Fly out, F7 (Flyball, 78S, EV 89.4 MPH)
Top of the 5th over - 0 runs, 0 hits, 0 errors, 0 left on base; Rome 3 - State College 1
BOTTOM OF THE 5TH
State College Spikes batting - Pitching for Rome Braves : LHP Gonnohyoe Hata
Batting: RHB Tim Cleary 0-0: Ball
1-0: Ball
2-0: Called Strike
2-1: Ball
3-1: Ground out 4-3 (Groundball, 4, EV 106.9 MPH)
Batting: RHB Bobby Miles 0-0: Ball
1-0: Ball
2-0: Called Strike
2-1: Ball
3-1: Base on Balls
Batting: RHB Nick Latulippe 0-0: Ball
Bobby Miles is caught stealing 2nd base 2-4
1-0: Foul Ball, location: 2F
1-1: Ball
2-1: Ball
3-1: Called Strike
3-2: Base on Balls
Batting: RHB Ricky Yerzy 0-0: Called Strike
Nick Latulippe is caught stealing 2nd base 2-4
Bottom of the 5th over - 0 runs, 0 hits, 0 errors, 0 left on base; Rome 3 - State College 1
TOP OF THE 6TH
Rome Braves batting - Pitching for State College Spikes : RHP Marcos Vergara
Batting: RHB Chris Trites 0-0: Called Strike
0-1: Ball
1-1: DOUBLE (Line Drive, 7LM, EV 109.4 MPH)
Batting: LHB Ricardo Sandoval 0-0: Called Strike
0-1: Called Strike
0-2: Ball
1-2: Strikes out swinging
Batting: LHB Tamaichi Sasada 0-0: Intentional Walk
Pitching: RHP Alex Apolinar
Batting: SHB Karl Starnes Balk!
Chris Trites to third
Tamaichi Sasada to second
0-0: Ball
1-0: Ball
2-0: Foul Ball, location: 2F
2-1: SINGLE (Groundball, 34D, EV 101.9 MPH)
Chris Trites scores
Tamaichi Sasada to third
Runner from 3rd tries for Home, SAFE, throw by RF to home
Karl Starnes to second
Batting: RHB Costantino Dolfini 0-0: Called Strike
0-1: Called Strike
0-2: Strikes out swinging
Batting: RHB Dave Pizarro 0-0: Called Strike
0-1: Ball
1-1: Fly out, F6 (Line Drive, 56, EV 66.2 MPH)
Top of the 6th over - 2 runs, 2 hits, 0 errors, 1 left on base; Rome 5 - State College 1
BOTTOM OF THE 6TH
State College Spikes batting - Pitching for Rome Braves : LHP Gonnohyoe Hata
Batting: RHB Ricky Yerzy 0-0: Ball
1-0: Ball
2-0: Ball
3-0: Base on Balls
Batting: RHB Sam Daw 0-0: Called Strike
0-1: Called Strike
Ricky Yerzy steals 2nd, throwing error, E2
Ricky Yerzy to third
Balk!
Ricky Yerzy scores
0-2: Strikes out swinging
Batting: LHB Ken Morehead 0-0: Called Strike
0-1: Foul Ball, location: 2F
0-2: Ball
1-2: Ball
2-2: Ball
3-2: DOUBLE (Line Drive, 78M, EV 95.6 MPH)
Pitching: RHP Bobby Feig
Batting: RHB Pat Scaturro 0-0: Called Strike
0-1: Ball
1-1: Called Strike
1-2: SINGLE (Line Drive, 6M, EV 98.8 MPH)
Ken Morehead to third
Runner from 3rd tries for Home, SAFE, throw by CF to home
Batting: RHB Nelson Salamanca 0-0: Ball
1-0: Ball
2-0: Reached on error, E5 (Groundball, 25, EV 91.2 MPH)
Pat Scaturro to second
Pinch Hitting: LHB Ken Compton 0-0: Foul Ball, location: 2F
0-1: Called Strike
0-2: Ball
1-2: Foul Ball, location: 2F
1-2: Foul Ball, location: 2F
1-2: Foul Ball, location: 2F
1-2: Ball
2-2: Fielders Choice at 2nd, 1-6 (Groundball, 13S, EV 73.1 MPH)
Pat Scaturro to third
Batting: RHB Tim Cleary 0-0: Foul Ball, location: 2F
0-1: Ball
Passed Ball!
Pat Scaturro scores
Ken Compton to second
1-1: Ball
2-1: Foul Ball, location: 2F
2-2: Strikes out swinging
Bottom of the 6th over - 3 runs, 2 hits, 2 errors, 1 left on base; Rome 5 - State College 4
TOP OF THE 7TH
Rome Braves batting - Pitching for State College Spikes : RHP Alex Apolinar
Now in LF: Ken Compton
Now in RF: Sam Daw
Batting: LHB Jason Herr 0-0: Ball
1-0: Ball
2-0: Called Strike
2-1: Foul Ball, location: 2F
2-2: Strikes out swinging
Batting: RHB Yutaka Yamane 0-0: Called Strike
0-1: Swinging Strike
0-2: Ball
1-2: Ball
2-2: Strikes out swinging
Batting: RHB Rafael Reyes 0-0: Swinging Strike
0-1: Ball
1-1: Called Strike
1-2: SINGLE (Groundball, 34D, EV 104.4 MPH)
Batting: RHB Chris Trites 0-0: Called Strike
Rafael Reyes steals 2nd base
0-1: Ball
1-1: Ball
2-1: Ball
3-1: Called Strike
3-2: Strikes out swinging
Top of the 7th over - 0 runs, 1 hit, 0 errors, 1 left on base; Rome 5 - State College 4
BOTTOM OF THE 7TH
State College Spikes batting - Pitching for Rome Braves : RHP Bobby Feig
Batting: RHB Bobby Miles 0-0: Ball
1-0: Ground out 5-3 (Groundball, 5, EV 101.9 MPH)
Batting: RHB Nick Latulippe 0-0: Swinging Strike
0-1: Foul Ball, location: 2F
0-2: Ball
1-2: Strikes out swinging
Batting: RHB Ricky Yerzy 0-0: Swinging Strike
0-1: Ball
1-1: Called Strike
1-2: Ball
2-2: Ball
3-2: TRIPLE (Groundball, 5L, EV 104.4 MPH)
Pitching: LHP Tyler Portier
Batting: RHB Sam Daw 0-0: Swinging Strike
0-1: Ball
1-1: Foul Ball, location: 2F
1-2: Strikes out swinging
Bottom of the 7th over - 0 runs, 1 hit, 0 errors, 1 left on base; Rome 5 - State College 4
TOP OF THE 8TH
Rome Braves batting - Pitching for State College Spikes : RHP Alex Apolinar
Batting: LHB Ricardo Sandoval 0-0: Called Strike
0-1: Ball
1-1: Called Strike
1-2: Ball
2-2: Strikes out looking
Pitching: LHP Paul Fuller
Batting: LHB Tamaichi Sasada 0-0: Ball
1-0: Swinging Strike
1-1: Foul Ball, location: 2F
1-2: Ball
2-2: Foul Ball, location: 2F
2-2: Strikes out swinging
Batting: SHB Karl Starnes 0-0: Ball
1-0: Called Strike
1-1: Foul Ball, location: 2F
1-2: Ball
2-2: Foul Ball, location: 2F
2-2: Strikes out looking
Top of the 8th over - 0 runs, 0 hits, 0 errors, 0 left on base; Rome 5 - State College 4
BOTTOM OF THE 8TH
State College Spikes batting - Pitching for Rome Braves : LHP Tyler Portier
Now at 1B: Manny Hensley
Batting: LHB Ken Morehead 0-0: Ball
1-0: Ball
2-0: Ball
3-0: Base on Balls
Batting: RHB Pat Scaturro 0-0: Swinging Strike
0-1: Ball
1-1: Fly out, F9 (Line Drive, 9S, EV 98.8 MPH)
Batting: RHB Nelson Salamanca 0-0: Foul Ball, location: 2F
0-1: Foul Ball, location: 2F
0-2: Strikes out swinging
Pinch Hitting: RHB Kyle Burns 0-0: SINGLE (Groundball, 56D, EV 96.9 MPH)
Ken Morehead to second
Batting: RHB Tim Cleary 0-0: Ground out 1-3 (Groundball, 34S, EV 66.9 MPH)
Bottom of the 8th over - 0 runs, 1 hit, 0 errors, 2 left on base; Rome 5 - State College 4
TOP OF THE 9TH
Rome Braves batting - Pitching for State College Spikes : LHP Paul Fuller
Now in LF: Bobby Miles
Now in CF: Fekadu Alhaadi
Batting: RHB Costantino Dolfini 0-0: Ball
1-0: Called Strike
1-1: Ball
2-1: Fly out, F8 (Flyball, 8LD, EV 107.5 MPH)
Batting: RHB Dave Pizarro 0-0: Ball
1-0: Called Strike
1-1: Foul Ball, location: 2F
1-2: Strikes out swinging
Batting: LHB Jason Herr 0-0: Swinging Strike
0-1: Swinging Strike
0-2: Foul Ball, location: 2F
0-2: Strikes out swinging
Top of the 9th over - 0 runs, 0 hits, 0 errors, 0 left on base; Rome 5 - State College 4
BOTTOM OF THE 9TH
State College Spikes batting - Pitching for Rome Braves : LHP Tyler Portier
Pitching: RHP Walt Bunney
Batting: RHB Bobby Miles 0-0: Ball
1-0: SINGLE (Groundball, 56, EV 105.0 MPH) (infield hit)
Pinch Runner at 1st Jorge Zarazua:
Batting: RHB Nick Latulippe 0-0: Swinging Strike
0-1: Ball
1-1: Ball
2-1: Called Strike
2-2: Grounds into double play, 6-4-3 (Groundball, 6, EV 81.9 MPH)
Batting: RHB Ricky Yerzy 0-0: Fly out, F2 (Popup, 15S, EV 85.0 MPH)
Bottom of the 9th over - 0 runs, 1 hit, 0 errors, 0 left on base; Rome 5 - State College 4
Tuesday, March 28th , 2023 - OOTP Baseball 23.10 Build 110